 Dungeon Crawl Stone Soup version 0.19.1 (webtiles) character file.

18 sveltemanboy the Caller (level 2, -1/19 HPs)
             Began as a Mummy Summoner on Dec 10, 2016.
             Slain by a jackal (2 damage)
             ... on level 1 of the Dungeon.
             The game lasted 00:02:12 (942 turns).

sveltemanboy the Caller (Mummy Summoner)             Turns: 942, Time: 00:02:13

Health: -1/19      AC:  2    Str: 11    XL:     2   Next: 48%
Magic:  1/5        EV: 12    Int: 14    God:
Gold:   0          SH:  0    Dex: 12    Spells: 2 memorised, 2 levels left

rFire  x . .     SeeInvis .     c - +0 short sword
rCold  + . .     Gourm    .     a - +0 robe
rNeg   + + +     Faith    .     (no shield)
rPois  ∞         Spirit   .     (no helmet)
rElec  .         Reflect  .     (no cloak)
rCorr  .         Harm     .     (no gloves)
MR     .....                    (no boots)
Stlth  ++........               (no amulet)
                                (no ring)
                                (no ring)

@: very slightly contaminated
A: no food or potions, fire vulnerability, cold resistance 1, negative energy
resistance 3, torment resistance, unbreathing
a: no special abilities


You were on level 1 of the Dungeon.
You were not hungry.

You visited 1 branch of the dungeon, and saw 1 of its levels.

Inventory:

Hand Weapons
 c - a +0 short sword (weapon)
Missiles
 d - 24 stones (quivered)
Armour
 a - a +0 robe (worn)
Scrolls
 e - 2 scrolls of enchant armour {unknown}
 f - a scroll of noise {unknown}
Books
 b - a book of Callings

   Spells                             Type                      Level
   a - Summon Small Mammal            Summoning                    1
   b - Call Imp                       Summoning                    2
   c - Call Canine Familiar           Summoning                    3
   d - Summon Guardian Golem          Hexes/Summoning              3
   e - Summon Lightning Spire         Summoning/Air                4
   f - Summon Ice Beast               Ice/Summoning                4


   Skills:
 - Level 1.5 Dodging
 - Level 1.5 Stealth
 - Level 2.0 Spellcasting
 + Level 3.9 Summonings


You had 2 spell levels left.
You knew the following spells:

 Your Spells              Type           Power        Failure   Level  Hunger
a - Summon Small Mammal   Summ           ##..         6%          1    N/A
b - Call Imp              Summ           ##......     10%         2    N/A

Dungeon Overview and Level Annotations

Branches:
Dungeon (1/15)

Altars:


Innate Abilities, Weirdness & Mutations

You do not eat or drink.
Your flesh is vulnerable to fire.
You are immune to poison.
Your flesh is cold resistant. (rC+)
You are immune to negative energy. (rN+++)
You are immune to unholy pain and torment.
You can survive without breathing.


Message History

The jackal bites you but does no damage.
Casting: Summon Small Mammal
Confirm with . or Enter, or press ? or * to list all spells.
You miscast Summon Small Mammal.
You are very lightly contaminated with residual magic.
Your brain hurts!
The jackal closely misses you.
You completely miss the jackal.
The jackal is heavily wounded.
The jackal bites you.
* * * LOW HITPOINT WARNING * * *
You are too injured to fight recklessly!
You can't drink.
You barely miss the jackal.
The jackal is heavily wounded.
The jackal bites you but does no damage.
The jackal bites you.
* * * LOW HITPOINT WARNING * * *
The jackal barely misses you. The jackal bites you.
You die...

...# ##########.... ####†..####
#.......##.... #.††...[...
+............. #.##...####
#.......##.... #.# ...#
#.......##)... #.# ...#
#.......##.... #.# ####
#..†....##..†.
##.##################......##..).
..>......†.....h@...'......+....#
.##########.##.######......####..
.##########.##.# #......# ##.
............##.# #......# #.
##############.# ######## #. #.#
## #.. # ### # #


You could see a jackal.

Vanquished Creatures
  A bat (D:1)
  A giant cockroach (D:1)
  3 goblins (D:1)
  2 hobgoblins (D:1)
  A jackal (D:1)
  2 kobolds (D:1)
  2 rats (D:1)
12 creatures vanquished.

Vanquished Creatures (collateral kills)
  2 goblins (D:1)
  A hobgoblin (D:1)
  4 jackals (D:1)
  A frilled lizard (D:1)
8 creatures vanquished.

Grand Total: 20 creatures vanquished

Notes
Turn   | Place    | Note
-------+----------+-------------------------------------------
     0 | D:1      | sveltemanboy the Mummy Summoner began the quest for the Orb.
     0 | D:1      | Reached XP level 1. HP: 13/13 MP: 3/3
   589 | D:1      | Reached XP level 2. HP: 15/19 MP: 1/5
   633 | D:1      | Learned a level 2 spell: Call Imp
   942 | D:1      | Slain by a jackal

Action                   || total
-------------------------++-------
Melee: Short sword       ||    48
       Unarmed           ||     4
Throw: Stone             ||     1
 Cast: Summon Small Mamm ||    24
 Stab: Sleeping          ||     2
Armor: Robe              ||    15
Dodge: Dodged            ||    51
